 Dungeon Crawl Stone Soup version 0.26.0-10-g1f06aea511 (webtiles) character file.

Game seed: 9242608208021178721

2596 vatarom the Fighter (level 9, -2/87 HPs)
             Began as an Ogre Hunter on Jan 17, 2021.
             Was a Follower of Hepliaklqana.
             Slain by a killer bee (4 damage)
             ... on level 6 of the Dungeon.
             The game lasted 00:12:53 (10577 turns).

vatarom the Fighter (Ogre Hunter)                  Turns: 10577, Time: 00:12:54

Health: -2/87      AC:  3    Str: 18    XL:     9   Next: 59%
Magic:  9/9        EV: 10    Int: 18    God:    Hepliaklqana [*.....]
Gold:   365        SH:  0    Dex: 12    Spells: 8/8 levels left

rFire    . . .     SeeInvis .   r - +0 giant spiked club
rCold    . . .     Faith    .   (shield currently unavailable)
rNeg     . . .     Spirit   .   b - +0 robe
rPois    .         Reflect  .   (helmet restricted)
rElec    .         Harm     .   (no cloak)
rCorr    .         Rampage  .   (gloves unavailable)
Will     .....                  (boots unavailable)
Stlth    +.........             n - amulet of regeneration
HPRegen  0.64/turn              t - +6 ring of intelligence
MPRegen  0.11/turn              (no ring)

@: lethally poisoned (-2 -> -2), hasted, very quick
A: large, unfitting armour, reduced essence, tough skin 1
a: Renounce Religion, Recall Ancestor, Ancestor Identity


You were on level 6 of the Dungeon.
You worshipped Hepliaklqana.
Hepliaklqana was aware of your devotion.
You visited 2 branches of the dungeon, and saw 7 of its levels.
You also visited: Sewer.

You collected 365 gold pieces.

Inventory:

Hand Weapons
 a - a +0 flail
 r - a +0 giant spiked club (weapon)
Missiles
 c - 3 large rocks (quivered)
 i - 11 poisoned darts
Armour
 b - a +0 robe (worn)
Jewellery
 n - an amulet of regeneration (around neck)
 t - a +6 ring of intelligence (left hand)
Wands
 d - a wand of enslavement (11)
 u - a wand of acid (8) {@v2}
Scrolls
 e - 3 scrolls of teleportation {@r3}
 h - a scroll of blinking {@r4}
 m - 3 scrolls of fog
 p - 2 scrolls of identify {@r1}
 v - a scroll of enchant weapon {unknown}
Potions
 f - a potion of lignification {unknown}
 g - a potion of might {@q4}
 j - a potion of magic
 k - a potion of haste {@q3}
 l - a potion of heal wounds {unknown}
 o - a potion of invisibility {unknown}
 q - a potion of degeneration {unknown}


   Skills:
 + Level 8.8 Fighting
 * Level 8.1 Maces & Flails
 + Level 7.5 Throwing
 - Level 1.7 Dodging
 - Level 0.6 Stealth


You had 8 spell levels left.
You didn't know any spells.
Your spell library was empty.

Dungeon Overview and Level Annotations

Branches:
Dungeon (7/15)             Temple (1/1) D:5           Sewer (visited)

Altars:
Ashenzari
Dithmenos
Fedhas
Gozag
Hepliaklqana
Makhleb
Nemelex Xobeh
Okawaru
Qazlal
Ru
Trog
Uskayaw
Vehumet
Wu Jian
Xom
Yredelemnul
Zin
The Shining One

Shops:
D:4 *

Annotations:
D:7 Prince Ribbit


Innate Abilities, Weirdness & Mutations

You are too large for most types of armour.
You have tough skin. (AC +1)
Your life essence is reduced to manifest your ancestor. (-10% HP)


Message History

You feel better. The killer bee stings you.
* * * LOW HITPOINT WARNING * * *
You are poisoned.
The killer bee poisons you! The killer bee stings you!
* * * LOW HITPOINT WARNING * * *
You feel yourself speed up.
You feel sick. The killer bee stings you.
* * * LOW HITPOINT WARNING * * *
The killer bee stings you.
* * * LOW HITPOINT WARNING * * *
Unknown command.
You miss the killer bee. The killer bee stings you.
* * * LOW HITPOINT WARNING * * *
The killer bee barely misses you.
Unknown command.
Unknown command.
Unknown command.
You closely miss the killer bee.
You feel sick. The killer bee stings you.
* * * LOW HITPOINT WARNING * * *
The killer bee stings you.
You die...

##.##
####..#.........#
##.## ##...........##
##..# #............#
##..## #............#
#..## #............#
..## ###....).....####
.## ##...........##..#
># ##...............##
## ##...@..........###
# ##.....y.<..##.#####
###.....###..###.###.#
##......## ####
#.#...# ##.=....##
#.....# ## ###......##
#.....# .####......###
#.....#
..........########
##.[...# .........##
#....# #......#


You could see a killer bee.

Vanquished Creatures
  Grinder (D:6)
  Menkaure (D:4)
  A sky beast (D:6)
  An orc warrior (D:5)
  2 ogres
  A phantom (D:5)
  7 big kobolds (Sewer)
  A bullfrog (D:6)
  A killer bee (D:6)
  A quasit (D:6)
  6 orc priests
  8 orc wizards
  An iguana (D:6)
  4 worker ants
  Natasha (twice) (D:4)
  A killer bee zombie (D:5)
  3 gnolls (D:4)
  9 adders
  2 river rats (Sewer)
  2 white imps
  An ufetubus (D:6)
  2 oozes (Sewer)
  An adder skeleton (D:4)
  2 worms (Sewer)
  4 dart slugs
  5 leopard geckos
  19 orcs
  10 giant cockroaches
  A goblin (D:2)
  2 hobgoblins (D:1)
  6 jackals (D:4)
  12 kobolds
  A quokka (D:5)
  5 ball pythons
  5 bats (D:1)
  7 frilled lizards
  7 rats
145 creatures vanquished.

Vanquished Creatures (collateral kills)
  A sky beast (D:6)
  A phantom (D:6)
  A scorpion (D:6)
  An orc priest (D:6)
  2 hounds
  An orc wizard (Temple)
  An adder (Temple)
  An ufetubus (D:6)
  A leopard gecko (D:6)
  An orc (D:7)
  A giant cockroach (D:6)
12 creatures vanquished.

Vanquished Creatures (others)
  An ancestor (D:5)
1 creature vanquished.

Grand Total: 158 creatures vanquished

Notes
Turn   | Place    | Note
-------+----------+-------------------------------------------
     0 | D:1      | vatarom the Ogre Hunter began the quest for the Orb.
     0 | D:1      | Reached XP level 1. HP: 22/22 MP: 1/1
   266 | D:1      | Reached XP level 2. HP: 27/31 MP: 2/2
   506 | D:1      | Reached skill level 1 in Maces & Flails
   727 | D:1      | Reached XP level 3. HP: 33/37 MP: 3/3
  1604 | D:2      | You fall into a shaft and drop 2 floors!
  1613 | D:4      | Found a glowing drain.
  1618 | D:4      | Reached XP level 4. HP: 32/48 MP: 4/4
  1761 | D:4      | Noticed an ogre
  1779 | D:4      | Killed an ogre
  1780 | D:4      | Reached XP level 5. HP: 33/55 MP: 5/5
  2113 | Sewer    | Entered a sewer
  2135 | Sewer    | Noticed a big kobold
  2135 | Sewer    | Noticed a big kobold
  2154 | Sewer    | Killed a big kobold
  2155 | Sewer    | Reached skill level 5 in Throwing
  2155 | Sewer    | Reached XP level 6. HP: 55/65 MP: 6/6
  2168 | Sewer    | Reached skill level 5 in Fighting
  2695 | Sewer    | Reached XP level 7. HP: 72/72 MP: 7/7
  3452 | Sewer    | Reached skill level 5 in Maces & Flails
  4080 | D:4      | Found Nattui's Assorted Antiques.
  4367 | D:4      | Noticed Menkaure
  4371 | D:4      | Killed Menkaure
  4372 | D:4      | Reached XP level 8. HP: 34/84 MP: 8/8
  5560 | D:4      | Noticed Natasha
  5569 | D:4      | Killed Natasha
  5766 | D:4      | Noticed Natasha
  5770 | D:4      | Killed Natasha
  6369 | D:5      | Entered Level 5 of the Dungeon
  7313 | D:5      | Found a staircase to the Ecumenical Temple.
  7339 | Temple   | Entered the Ecumenical Temple
  7549 | Temple   | Became a worshipper of Hepliaklqana the Forgotten
  7798 | D:5      | Found a sacrificial altar of Ru.
  7976 | D:5      | Found a burning altar of Makhleb.
  8243 | D:6      | Noticed Grinder
  8618 | D:6      | Paralysed by Grinder for 6 turns
  8626 | D:6      | Killed Grinder
  8627 | D:6      | Reached XP level 9. HP: 38/86 MP: 9/9
  9640 | D:6      | Reached * piety under Hepliaklqana
 10549 | D:7      | Noticed Prince Ribbit
 10577 | D:6      | HP: 2/87 [killer bee (3)]
 10577 | D:6      | Slain by a killer bee

Illustrated notes

Levels and vault maps discovered:
D:1:      matt_arrival_grand_opening, layout_basic
D:2:      layout_rooms, chequers_temple_overflow_minitemple, corexii_shack
D:4:      layout_basic, serial_shops, shop, gup_sewer_entry_glass, uniq_natasha,
          uniq_menkaure
D:5:      layout_gridville, nicolae_ru_the_path_less_chosen,
          makhleb_blood_cavern_becter, minmay_temple_entry_glass,
          serial_bayou_pond_d
D:6:      layout_cave_pods, uniq_grinder
D:7:      layout_cave_pools, ebering_ghost_rock_garden, uniq_prince_ribbit1
Temple:   nicolae_temple_elliptical

Skill      XL: |  1  2  3  4  5  6  7  8  9 |
---------------+----------------------------+-----
Fighting       | 3 4 5 6 8 |  8.8
Maces & Flails | 1 2 3 4 5 7 8 |  8.1
Throwing       | 5 6 7 |  7.5
Dodging        | |  1.7
Stealth        | |  0.6

Action                   |  1- 3 |  4- 6 |  7- 9 || total
-------------------------+-------+-------+-------++-------
Melee: Whip              |   139 |       |       ||   139
       Short sword       |     8 |       |       ||     8
       Giant spiked club |       |    18 |   249 ||   267
       Flail             |       |    36 |   155 ||   191
Throw: Large rock        |     4 |    17 |    16 ||    37
       Dart              |     2 |     3 |     2 ||     7
       Throwing net      |       |     2 |     2 ||     4
Invok: Recall Ancestor   |       |       |     1 ||     1
       Ancestor Identity |       |       |     1 ||     1
  Use: Scroll            |     3 |     1 |     8 ||    12
       Potion            |       |     2 |     5 ||     7
 Stab: Sleeping          |     1 |       |     1 ||     2
Armor: Robe              |    58 |    20 |   100 ||   178
Dodge: Dodged            |   108 |    33 |   291 ||   432
